NCAA
FLORIDA STATE SEMINOLES @ PENN STATE NITTANY LIONS
05/14/2025
 
TOP OF THE 1ST
Florida State Seminoles batting - Pitching for Penn State Nittany Lions : LHP Felipe Díaz
Pitching: LHP Felipe Díaz
Batting: RHB Art Cameron 0-0: Ground out 4-3 (Groundball, 4M)
Batting: RHB Elliott Bell 0-0: Ball
1-0: Called Strike
1-1: Foul Ball, location: 2F
1-2: Ball
2-2: Ball
3-2: Strikes out looking
Batting: LHB Richard Olvera 0-0: Ball
1-0: Swinging Strike
1-1: Foul Ball, location: 2F
1-2: Ball
2-2: Foul Ball, location: 2F
2-2: Ball
3-2: Ground out U3 (Groundball, 3)
Top of the 1st over - 0 run(s), 0 hit(s), 0 error(s), 0 left on base; Florida State 0 - Penn State 0
BOTTOM OF THE 1ST
Penn State Nittany Lions batting - Pitching for Florida State Seminoles : RHP Gerardo Ledezma
Pitching: RHP Gerardo Ledezma
Batting: RHB Kip Murphy 0-0: SINGLE (Groundball, 34) (infield hit)
Batting: SHB Steve Kirkland 0-0: Called Strike
0-1: Ball
1-1: SINGLE (Groundball, 34)
Kip Murphy to second
Runner from 2nd tries for 3rd, SAFE, no throw or cutoff
Batting: RHB Larry Crawford 0-0: Grounds into double play, 6-4-3 (Groundball, 6)
Kip Murphy scores
Batting: LHB Bill Green 0-0: Called Strike
0-1: Fly out, F9 (Flyball, 9M)
Bottom of the 1st over - 1 run(s), 2 hit(s), 0 error(s), 0 left on base; Florida State 0 - Penn State 1
TOP OF THE 2ND
Florida State Seminoles batting - Pitching for Penn State Nittany Lions : LHP Felipe Díaz
Batting: RHB Rusty Bennett 0-0: Ball
1-0: Ball
2-0: Foul Ball, location: 2F
2-1: Ground out U3 (Groundball, 3S)
Batting: LHB Randy Wiggins 0-0: Called Strike
0-1: Ball
1-1: Fly out, F7 (Flyball, 78S)
Batting: RHB Aaron Duncan 0-0: Ball
1-0: Foul Ball, location: 2F
1-1: Ball
2-1: Called Strike
2-2: Fly out, F9 (Flyball, 9M)
Top of the 2nd over - 0 run(s), 0 hit(s), 0 error(s), 0 left on base; Florida State 0 - Penn State 1
BOTTOM OF THE 2ND
Penn State Nittany Lions batting - Pitching for Florida State Seminoles : RHP Gerardo Ledezma
Batting: RHB Jim Anderson 0-0: Ball
1-0: Called Strike
1-1: Foul Ball, location: 2F
1-2: Ground out 4-3 (Groundball, 4M)
Batting: SHB Sean Moody 0-0: SINGLE (Flyball, 7S)
Batting: RHB Roderick Silva 0-0: Ball
1-0: Ball
2-0: Swinging Strike
2-1: Ball
3-1: Base on Balls
Sean Moody to second
Batting: RHB Jeremiah Ward 0-0: Fly out, F7 (Line Drive, 7M)
Batting: LHB Gary Lynn 0-0: Ground out U3 (Groundball, 3)
Bottom of the 2nd over - 0 run(s), 1 hit(s), 0 error(s), 2 left on base; Florida State 0 - Penn State 1
TOP OF THE 3RD
Florida State Seminoles batting - Pitching for Penn State Nittany Lions : LHP Felipe Díaz
Batting: RHB Adam Davis 0-0: Ball
1-0: Fly out, F7 (Flyball, 7S)
Batting: RHB Mike Cleveland 0-0: Ball
1-0: Ball
2-0: Ball
3-0: Base on Balls
Batting: RHB Larry Davis 0-0: Ball
1-0: Swinging Strike
1-1: Fielders Choice at 2nd, 6-4 (Groundball, 6)
Batting: RHB Art Cameron 0-0: Foul Ball, location: 2F
0-1: Foul Ball, location: 2F
0-2: Ball
1-2: Strikes out swinging
Top of the 3rd over - 0 run(s), 0 hit(s), 0 error(s), 1 left on base; Florida State 0 - Penn State 1
BOTTOM OF THE 3RD
Penn State Nittany Lions batting - Pitching for Florida State Seminoles : RHP Gerardo Ledezma
Batting: RHB Kip Murphy 0-0: Ground out 4-3 (Groundball, 34)
Batting: SHB Steve Kirkland 0-0: Called Strike
0-1: Swinging Strike
0-2: Ball
1-2: Strikes out swinging
Batting: RHB Larry Crawford 0-0: Ball
1-0: Swinging Strike
1-1: Fly out, F9 (Flyball, 89M)
Bottom of the 3rd over - 0 run(s), 0 hit(s), 0 error(s), 0 left on base; Florida State 0 - Penn State 1
TOP OF THE 4TH
Florida State Seminoles batting - Pitching for Penn State Nittany Lions : LHP Felipe Díaz
Batting: RHB Elliott Bell 0-0: Called Strike
0-1: Called Strike
0-2: Strikes out swinging
Batting: LHB Richard Olvera 0-0: Called Strike
0-1: Ball
1-1: Called Strike
1-2: Ball
2-2: Ball
3-2: Ground out 4-3 (Groundball, 13)
Batting: RHB Rusty Bennett 0-0: Swinging Strike
0-1: Ball
1-1: Called Strike
1-2: Ball
2-2: Strikes out swinging
Top of the 4th over - 0 run(s), 0 hit(s), 0 error(s), 0 left on base; Florida State 0 - Penn State 1
BOTTOM OF THE 4TH
Penn State Nittany Lions batting - Pitching for Florida State Seminoles : RHP Gerardo Ledezma
Batting: LHB Bill Green 0-0: Ball
1-0: Ball
2-0: Ball
3-0: Swinging Strike
3-1: Base on Balls
Batting: RHB Jim Anderson 0-0: Grounds into double play, U6-3 (Groundball, 6M)
Batting: SHB Sean Moody 0-0: Called Strike
0-1: Swinging Strike
0-2: Ball
1-2: Strikes out looking
Bottom of the 4th over - 0 run(s), 0 hit(s), 0 error(s), 0 left on base; Florida State 0 - Penn State 1
TOP OF THE 5TH
Florida State Seminoles batting - Pitching for Penn State Nittany Lions : LHP Felipe Díaz
Batting: LHB Randy Wiggins 0-0: Called Strike
0-1: Foul Ball, location: 2F
0-2: SINGLE (Line Drive, 9S)
Batting: RHB Aaron Duncan 0-0: Ball
1-0: Ball
Randy Wiggins steals 2nd base
2-0: Ball
3-0: Called Strike
3-1: DOUBLE (Groundball, 5L)
Randy Wiggins scores
Batting: RHB Adam Davis 0-0: Ball
1-0: Ball
2-0: Ball
3-0: Base on Balls
Batting: RHB Mike Cleveland 0-0: Ball
1-0: Ball
2-0: Swinging Strike
2-1: Fly out, F8 (Flyball, 8RS)
Batting: RHB Larry Davis 0-0: Swinging Strike
0-1: Called Strike
0-2: Foul Ball, location: 2F
0-2: Ball
1-2: Foul Ball, location: 2F
1-2: Ball
2-2: Foul Ball, location: 2F
2-2: Foul Ball, location: 2F
2-2: Strikes out swinging
Batting: RHB Art Cameron 0-0: Foul Ball, location: 2F
0-1: Ball
1-1: Ball
2-1: Called Strike
2-2: Ball
3-2: Foul Ball, location: 2F
3-2: SINGLE (Groundball, 4MD) (infield hit)
Aaron Duncan to third
Adam Davis to second
Pitching: RHP Tim Maddox
Batting: RHB Elliott Bell 0-0: Foul Ball, location: 2F
0-1: Foul Ball, location: 2F
0-2: Strikes out looking
Top of the 5th over - 1 run(s), 3 hit(s), 0 error(s), 3 left on base; Florida State 1 - Penn State 1
BOTTOM OF THE 5TH
Penn State Nittany Lions batting - Pitching for Florida State Seminoles : RHP Gerardo Ledezma
Batting: RHB Roderick Silva 0-0: Ball
1-0: Foul Ball, location: 2F
1-1: Ball
2-1: Swinging Strike
2-2: Foul Ball, location: 2F
2-2: Ball
3-2: Strikes out looking
Batting: RHB Jeremiah Ward 0-0: Ball
1-0: Swinging Strike
1-1: Ball
2-1: Fly out, F6 (Popup, 6)
Batting: LHB Gary Lynn 0-0: Fly out, F6 (Popup, 56D)
Bottom of the 5th over - 0 run(s), 0 hit(s), 0 error(s), 0 left on base; Florida State 1 - Penn State 1
TOP OF THE 6TH
Florida State Seminoles batting - Pitching for Penn State Nittany Lions : RHP Tim Maddox
Batting: LHB Richard Olvera 0-0: Called Strike
0-1: Ball
1-1: Ball
2-1: Ball
3-1: Base on Balls
Batting: RHB Rusty Bennett 0-0: Ball
1-0: Ball
2-0: Swinging Strike
2-1: Foul Ball, location: 2F
2-2: Strikes out swinging
Batting: LHB Randy Wiggins 0-0: Ball
1-0: Fly out, F9 (Flyball, 9M)
Batting: RHB Aaron Duncan 0-0: Foul Ball, location: 2F
0-1: Ball
1-1: Foul Ball, location: 2F
1-2: Strikes out swinging
Top of the 6th over - 0 run(s), 0 hit(s), 0 error(s), 1 left on base; Florida State 1 - Penn State 1
BOTTOM OF THE 6TH
Penn State Nittany Lions batting - Pitching for Florida State Seminoles : RHP Gerardo Ledezma
Batting: RHB Kip Murphy 0-0: Ground out 4-3 (Groundball, 4)
Batting: SHB Steve Kirkland 0-0: Ball
1-0: Ball
2-0: Ball
3-0: Called Strike
3-1: Base on Balls
Batting: RHB Larry Crawford 0-0: Ball
1-0: Called Strike
1-1: Foul Ball, location: 2F
1-2: Fly out, F9 (Flyball, 9M)
Batting: LHB Bill Green 0-0: DOUBLE (Line Drive, 3L)
Steve Kirkland to third
Runner from 3rd tries for Home, SAFE, no throw or cutoff
Batting: RHB Jim Anderson 0-0: Ball
1-0: Ball
2-0: Ball
3-0: Called Strike
3-1: Base on Balls
Batting: SHB Sean Moody 0-0: Ball
1-0: Fly out, F8 (Popup, 8LS)
Bottom of the 6th over - 1 run(s), 1 hit(s), 0 error(s), 2 left on base; Florida State 1 - Penn State 2
TOP OF THE 7TH
Florida State Seminoles batting - Pitching for Penn State Nittany Lions : RHP Tim Maddox
Batting: RHB Adam Davis 0-0: Ball
1-0: Called Strike
1-1: Ball
2-1: Swinging Strike
2-2: Strikes out looking
Batting: RHB Mike Cleveland 0-0: Called Strike
0-1: Foul Ball, location: 2F
0-2: Ball
1-2: Foul Ball, location: 2F
1-2: Strikes out swinging
Batting: RHB Larry Davis 0-0: Ball
1-0: Ball
2-0: Ball
3-0: Base on Balls
Batting: RHB Art Cameron 0-0: Foul Ball, location: 2F
0-1: Foul Ball, location: 2F
0-2: Ball
Larry Davis steals 2nd base
1-2: Foul Ball, location: 2F
1-2: Ball
2-2: Fly out, F8 (Flyball, 8LM)
Top of the 7th over - 0 run(s), 0 hit(s), 0 error(s), 1 left on base; Florida State 1 - Penn State 2
BOTTOM OF THE 7TH
Penn State Nittany Lions batting - Pitching for Florida State Seminoles : RHP Gerardo Ledezma
Batting: RHB Roderick Silva 0-0: Called Strike
0-1: Ball
1-1: Foul Ball, location: 2F
1-2: Foul Ball, location: 2F
1-2: Ball
2-2: Strikes out swinging
Batting: RHB Jeremiah Ward 0-0: Ground out 6-3 (Groundball, 6M)
Batting: LHB Gary Lynn 0-0: Called Strike
0-1: Ball
1-1: Fly out, F9 (Flyball, 9M)
Bottom of the 7th over - 0 run(s), 0 hit(s), 0 error(s), 0 left on base; Florida State 1 - Penn State 2
TOP OF THE 8TH
Florida State Seminoles batting - Pitching for Penn State Nittany Lions : RHP Tim Maddox
Pitching: RHP Tom Henry
Batting: RHB Elliott Bell 0-0: Foul Ball, location: 2F
0-1: Ball
1-1: Ball
2-1: Reached on error, E5 (Groundball, 56)
Pitching: LHP Glen Richardson
Batting: LHB Richard Olvera 0-0: Ball
1-0: Foul Ball, location: 2F
1-1: SINGLE (Line Drive, 4MD)
Elliott Bell to third
Pitching: RHP Barry Powell
Batting: RHB Rusty Bennett 0-0: Called Strike
0-1: Foul Ball, location: 2F
0-2: Ball
1-2: Ball
2-2: Ground out 6-3 (Groundball, 6M)
Richard Olvera to second
Pitching: LHP Pete Mueller
Batting: LHB Randy Wiggins 0-0: Ball
1-0: Called Strike
1-1: SINGLE (Groundball, 34D)
Elliott Bell scores
Richard Olvera to third
Runner from 3rd tries for Home, SAFE, no throw or cutoff
Batting: RHB Aaron Duncan 0-0: Ball
1-0: Ball
2-0: Ground out 6-3 (Groundball, 6S)
Randy Wiggins to second
Batting: RHB Adam Davis 0-0: Ball
1-0: Foul Ball, location: 2F
1-1: Foul Ball, location: 2F
1-2: Strikes out swinging
Top of the 8th over - 2 run(s), 2 hit(s), 1 error(s), 1 left on base; Florida State 3 - Penn State 2
BOTTOM OF THE 8TH
Penn State Nittany Lions batting - Pitching for Florida State Seminoles : RHP Gerardo Ledezma
Batting: RHB Kip Murphy 0-0: SINGLE (Flyball, 78M)
Batting: SHB Steve Kirkland 0-0: Bunted foul
0-1: Ball
1-1: Bunted foul
1-2: Ball
2-2: Ball
3-2: Base on Balls
Kip Murphy to second
Pitching: LHP Jeffery Mitchell
Batting: RHB Larry Crawford 0-0: Foul Ball, location: 2F
0-1: Foul Ball, location: 2F
0-2: Fielders Choice at 2nd, 6-4 (Groundball, 6M)
Kip Murphy to third
Batting: LHB Bill Green 0-0: Ball
Wild Pitch!
Kip Murphy scores
Larry Crawford to second
1-0: Foul Ball, location: 2F
1-1: Ball
2-1: Foul Ball, location: 2F
2-2: Ball
3-2: Fly out, F4 (Popup, 4M)
Batting: RHB Jim Anderson 0-0: Foul Ball, location: 2F
0-1: Ball
1-1: Ground out 1-3 (Groundball, 15)
Bottom of the 8th over - 1 run(s), 1 hit(s), 0 error(s), 1 left on base; Florida State 3 - Penn State 3
TOP OF THE 9TH
Florida State Seminoles batting - Pitching for Penn State Nittany Lions : LHP Pete Mueller
Pitching: LHP Josh Hammond
Pinch Hitting: RHB Rubén Hernández 0-0: Ground out 4-3 (Groundball, 4)
Pinch Hitting: SHB Gary Williams 0-0: Reached on error, E6 (Groundball, 6)
Batting: RHB Art Cameron 0-0: Foul Ball, location: 2F
0-1: Ball
1-1: Fly out, F9 (Flyball, 9M)
Batting: RHB Elliott Bell 0-0: Foul Ball, location: 2F
0-1: Swinging Strike
0-2: Ball
1-2: Foul Ball, location: 2F
1-2: Ball
2-2: Strikes out swinging
Top of the 9th over - 0 run(s), 0 hit(s), 1 error(s), 1 left on base; Florida State 3 - Penn State 3
BOTTOM OF THE 9TH
Penn State Nittany Lions batting - Pitching for Florida State Seminoles : LHP Jeffery Mitchell
Now at C: Rubén Hernández
Now in LF: George Wagner
Batting: SHB Sean Moody 0-0: Ball
1-0: Called Strike
1-1: Ground out U3 (Groundball, 3)
Batting: RHB Roderick Silva 0-0: Called Strike
0-1: Swinging Strike
0-2: Ball
1-2: Strikes out swinging
Batting: RHB Jeremiah Ward 0-0: Called Strike
0-1: Foul Ball, location: 2F
0-2: Strikes out swinging
Bottom of the 9th over - 0 run(s), 0 hit(s), 0 error(s), 0 left on base; Florida State 3 - Penn State 3
TOP OF THE 10TH
Florida State Seminoles batting - Pitching for Penn State Nittany Lions : LHP Josh Hammond
Batting: LHB Richard Olvera 0-0: SINGLE (Line Drive, 89M)
Batting: RHB Rusty Bennett 0-0: Ball
1-0: Called Strike
1-1: Swinging Strike
1-2: Ball
2-2: Ball
3-2: SINGLE (Flyball, 6MD)
Richard Olvera to second
Batting: LHB Randy Wiggins 0-0: Called Strike
Richard Olvera steals 3rd base
Rusty Bennett to second
0-1: Ground out 1-3 (Groundball, 23)
Batting: RHB Aaron Duncan 0-0: Intentional Walk
Batting: RHB Adam Davis 0-0: Ball
Wild Pitch!
Richard Olvera scores
Rusty Bennett to third
Aaron Duncan to second
1-0: Ball
2-0: Ball
3-0: Base on Balls
Batting: RHB Rubén Hernández 0-0: Ball
1-0: Swinging Strike
1-1: Called Strike
1-2: Strikes out swinging
Batting: RHB George Wagner 0-0: Ball
1-0: Ground out 4-3 (Groundball, 13)
Top of the 10th over - 1 run(s), 2 hit(s), 0 error(s), 3 left on base; Florida State 4 - Penn State 3
BOTTOM OF THE 10TH
Penn State Nittany Lions batting - Pitching for Florida State Seminoles : LHP Jeffery Mitchell
Pitching: RHP Jason Mason
Batting: LHB Gary Lynn 0-0: Ball
1-0: Fly out, F8 (Flyball, 8LXD)
Batting: RHB Kip Murphy 0-0: Called Strike
0-1: Swinging Strike
0-2: Ball
1-2: Foul Ball, location: 2F
1-2: Strikes out looking
Batting: SHB Steve Kirkland 0-0: Fly out, F5 (Popup, 5F)
Bottom of the 10th over - 0 run(s), 0 hit(s), 0 error(s), 0 left on base; Florida State 4 - Penn State 3
This league is powered by Out of the Park Baseball, the baseball management simulation game for PC, Mac and Linux
Tuesday, August 2nd, 2016 - OOTP Baseball 16.8 Build 38